 Dungeon Crawl Stone Soup version 0.29.1-2-gbd0b4ee654 (webtiles) character file.

Game seed: 952328250185110375

116 warriortoast the Digger (level 5, -1/28 HPs)
             Began as a Gargoyle Earth Elementalist on Nov 1, 2022.
             Slain by a gnoll bouda
             ... wielding a +0 whip
              (4 damage)
             ... on level 3 of the Dungeon on Nov 2, 2022.
             The game lasted 00:12:18 (3582 turns).

warriortoast the Digger (GrEE)                      Turns: 3582, Time: 00:12:19

Health: -1/28      AC:  8    Str: 14    XL:     5   Next: 0%
Magic:  1/9        EV: 11    Int: 15    God:
Gold:   195        SH:  0    Dex: 10    Spells: 3/9 levels left

rFire   . . .      SeeInvis .   k - +0 mace
rCold   . . .      Faith    .   (no shield)
rNeg    + + .      Spirit   .   a - +0 robe
rPois   ∞          Reflect  .   (no helmet)
rElec   +          Harm     .   e - +0 cloak
rCorr   .          Rampage  .   (no gloves)
Will    .....                   c - +0 pair of boots
Stlth   ++........              (no amulet)
HPRegen 0.09/turn               p - ring of positive energy
MPRegen 0.11/turn               (no ring)

@: weakened
A: sickness immunity, AC +4, negative energy resistance 1, electricity
resistance, torment resistance 1, petrification resistance
a: no special abilities


You were on level 3 of the Dungeon.
You visited 1 branch of the dungeon, and saw 4 of its levels.

You collected 195 gold pieces.

Inventory:

Hand Weapons
 d - a +0 club
 k - a +0 mace (weapon)
Armour
 a - a +0 robe (worn)
 c - a +0 pair of boots (worn)
 e - a +0 cloak (worn)
Jewellery
 p - a ring of positive energy (left hand)
Scrolls
 m - a scroll of blinking {unknown}
 n - 2 scrolls of identify {unknown}
 o - 2 scrolls of teleportation {unknown}
 q - a scroll of immolation {unknown}
 r - a scroll of enchant armour {unknown}
Potions
 b - a potion of magic
 f - 2 potions of attraction {unknown}
 g - a potion of invisibility {unknown}
 h - 2 potions of lignification {unknown}
 i - 3 potions of heal wounds {unknown}
 l - 3 potions of flight {unknown}


   Skills:
 - Level 1.5 Dodging
 - Level 2.1 Stealth
 + Level 2.9 Spellcasting
 + Level 2.1 Conjurations
 + Level 1.9 Transmutations
 + Level 4.5 Earth Magic


You had 3 spell levels left.
You knew the following spells:

 Your Spells              Type           Power      Damage    Failure   Level
a - Sandblast             Erth           30%        2d9       3%          1
b - Passwall              Tmut/Erth      9%         N/A       9%          2
c - Stone Arrow           Conj/Erth      24%        3d8       16%         3

Your spell library contained the following spells:

 Spells                   Type           Power      Damage    Failure   Level
 Conjure Flame            Conj/Fire      5%         6-21      36%         3
 Mephitic Cloud           Conj/Pois/Air  4%         N/A       41%         3
 Ignite Poison            Fire/Tmut/Pois 4%         N/A       43%         3
 Petrify                  Tmut/Erth      11%        N/A       47%         4
 Sticky Flame             Conj/Fire      5%         2d3       78%         4
 Freezing Cloud           Conj/Ice/Air   2%         6-21      99%         5
 Summon Forest            Summ/Tloc      1%         N/A       99%         5
 Eringya's Noxious Bog    Tmut/Pois      2%         N/A       100%        6
 Summon Hydra             Summ           1%         N/A       100%        7


Dungeon Overview and Level Annotations

Branches:
Dungeon (4/15)
 Temple: D:4-7

Altars:
Dithmenos
Elyvilon

Shops:
D:3 =   D:4 [

Annotations:
D:4 Sigmund


Innate Abilities, Weirdness & Mutations

You are immune to sickness and miasma.
Your stone body is resilient. (AC +4)
You are immune to poison.
You resist negative energy. (rN+)
You are resistant to electric shocks. (rElec)
You are resistant to unholy torment.
You are immune to petrification.


Message History

Aiming: Sandblast (safe; 3% risk of failure)
Press: ? - help, Shift-Dir - straight line, f/p - gnoll bouda
Aim: a gnoll bouda, wielding a +0 whip and wearing a +0 leather armour (almost dead, 84% to hit)
The blast of sand misses the gnoll bouda.
The gnoll bouda barely misses you. The gnoll bouda closely misses you.
Casting: Sandblast (safe; 3% risk of failure)
Confirm with . or Enter, or press ? or * to list all spells.
Aiming: Sandblast (safe; 3% risk of failure)
Press: ? - help, Shift-Dir - straight line, f/p - gnoll bouda
Aim: a gnoll bouda, wielding a +0 whip and wearing a +0 leather armour (almost dead, 84% to hit)
The blast of sand hits the gnoll bouda.
The gnoll bouda is almost dead.
The gnoll bouda gazes fiercely through you!
You feel as though you will be weak longer.
The gnoll bouda hits you with a +0 whip.
Casting: Sandblast (safe; 3% risk of failure)
Confirm with . or Enter, or press ? or * to list all spells.
Aiming: Sandblast (safe; 3% risk of failure)
Press: ? - help, Shift-Dir - straight line, f/p - gnoll bouda
Aim: a gnoll bouda, wielding a +0 whip and wearing a +0 leather armour (almost dead, 84% to hit)
The blast of sand hits the gnoll bouda but does no damage.
The gnoll bouda is almost dead.
The gnoll bouda hits you with a +0 whip.
* * * LOW HITPOINT WARNING * * *
The gnoll bouda prays to its god.
The gnoll bouda is healed somewhat.
Casting: Sandblast (safe; 3% risk of failure)
Confirm with . or Enter, or press ? or * to list all spells.
Aiming: Sandblast (safe; 3% risk of failure)
Press: ? - help, Shift-Dir - straight line, f/p - gnoll bouda
Aim: a gnoll bouda, wielding a +0 whip and wearing a +0 leather armour (severely wounded, 84% to hit)
The blast of sand misses the gnoll bouda.
The gnoll bouda gazes fiercely through you!
You feel as though you will be weak longer.
The gnoll bouda hits you with a +0 whip.
* * * LOW HITPOINT WARNING * * *
You barely miss the gnoll bouda.
The gnoll bouda is severely wounded.
The gnoll bouda hits you with a +0 whip.
You die...

###############
#...##........##
###)..............
#......#........##
##.................
#...........#......
#..................
#.......>###.......
#.@................
#g.......##....####
#........##...#####
#........##.......#
#........##....##..
#........##....##..
#####.#........>##..
#.....#..##.........
#.....#..#..........


You could see a gnoll bouda.

Vanquished Creatures
  A gnoll (D:1)
  3 adders
  An ufetubus (D:4)
  2 dart slugs
  3 orcs
  5 ball pythons
  2 bats
  6 endoplasms
  2 giant cockroaches (D:1)
  6 goblins
  11 hobgoblins
  2 quokkas
  2 frilled lizards
  11 kobolds
  7 rats
64 creatures vanquished.

Notes
Turn   | Place    | Note
-------+----------+-------------------------------------------
     0 | D:1      | warriortoast the Gargoyle Earth Elementalist began the
                  | quest for the Orb.
     0 | D:1      | Reached XP level 1. HP: 10/10 MP: 3/3
   337 | D:1      | Reached skill level 1 in Transmutations
   446 | D:1      | Reached XP level 2. HP: 15/15 MP: 3/5
   588 | D:1      | Reached skill level 1 in Conjurations
   714 | D:1      | Reached skill level 4 in Earth Magic
   782 | D:1      | Reached XP level 3. HP: 19/19 MP: 3/6
  1688 | D:2      | You fall into a shaft and drop 1 floor!
  1688 | D:3      | Found Somutiz's Jewellery Shop.
  1755 | D:2      | Reached XP level 4. HP: 24/24 MP: 4/8
  2361 | D:3      | Learned a level 2 spell: Passwall
  2365 | D:3      | Learned a level 3 spell: Stone Arrow
  2562 | D:3      | Found a faded altar of an unknown god.
  2950 | D:3      | Found a white marble altar of Elyvilon.
  3126 | D:4      | Noticed a scorpion
  3193 | D:4      | Noticed Sigmund
  3464 | D:4      | Found a shadowy altar of Dithmenos.
  3483 | D:4      | Found Runwycwy's Antique Armour Shop.
  3490 | D:4      | Reached XP level 5. HP: 28/28 MP: 6/9
  3582 | D:3      | Slain by a gnoll bouda

Illustrated notes

Levels and vault maps discovered:
D:1:      ebering_hopf_link, layout_basic, minmay_tiny_reverse_x
D:2:      layout_loops_cross, corexii_leaking_fountain,
          minmay_tree_intersection, chequers_serial_rivers_room_b
D:3:      layout_basic, lemuel_tele_altar, dreamdust_ecumenical_altar_statues,
          serial_shops, nicolae_shop_crystal
D:4:      layout_basic, lemuel_coloured_pillars_altar,
          minmay_temple_entry_enclosed_plants, serial_shops, shop,
          kennysheep_generic_room_11, uniq_sigmund

Skill      XL: |  1  2  3  4 |
---------------+-------------+-----
Transmutations | 1 |  1.9
Conjurations   | 1 2 |  2.1
Earth Magic    | 4 |  4.5
Dodging        | |  1.5
Stealth        | |  2.1
Spellcasting   | |  2.9

Action                   |  1- 3 |  4- 6 || total
-------------------------+-------+-------++-------
Melee: Unarmed           |     8 |       ||     8
       Mace              |       |     1 ||     1
 Cast: Sandblast         |    53 |    48 ||   101
  Use: Scroll            |       |     1 ||     1
Armor: Robe              |     7 |     7 ||    14
Dodge: Dodged            |    22 |    13 ||    35
